 Dungeon Crawl Stone Soup version 0.26-a0-649-gf8c6c3aab7 (webtiles) character file.

Game seed: 14697308073300120437

118 Greyr the Covered (level 4, -1/42 HPs)
             Began as a Deep Dwarf Fighter on Sept 27, 2020.
             Killed from afar by a white imp (4 damage)
             ... with a puff of frost
             ... summoned by Natasha
             ... on level 3 of the Dungeon.
             The game lasted 00:01:50 (920 turns).

Greyr the Covered (Deep Dwarf Fighter)               Turns: 920, Time: 00:01:50

Health: -1/42      AC:  6    Str: 21    XL:     4   Next: 72%
Magic:  4/4        EV:  8    Int:  8    God:
Gold:   67         SH:  9    Dex: 12    Spells: 3/3 levels left

rFire    . . .     SeeInvis .   a - +0 war axe
rCold    + . .     Faith    .   c - +0 kite shield
rNeg     . . .     Spirit   .   l - +3 leather armour {rC+}
rPois    .         Reflect  .   (no helmet)
rElec    .         Harm     .   (no cloak)
rCorr    .         Rampage  .   (no gloves)
MR       .....                  (no boots)
Stlth    +.........             (no amulet)
HPRegen  0.00/turn              (no ring)
MPRegen  0.09/turn              (no ring)

@: non-regenerating
A: damage resistance, heal wounds, sense surroundings 1, no regeneration
a: Heal Wounds


You were on level 3 of the Dungeon.
You visited 1 branch of the dungeon, and saw 3 of its levels.

You collected 67 gold pieces.

Inventory:

Hand Weapons
 a - a +0 war axe (weapon)
Armour
 b - a +0 scale mail
 c - a +0 kite shield (worn)
 l - a +3 leather armour of cold resistance (worn)
Wands
 j - a wand of random effects (16)
 m - a wand of enslavement (7)
Scrolls
 g - 3 scrolls of identify {unknown}
 h - a scroll of enchant weapon {unknown}
Potions
 d - a potion of might
 e - a potion of mutation {unknown}
 f - a potion of berserk rage {unknown}
 i - a potion of ambrosia {unknown}
 k - 2 potions of brilliance {unknown}
 n - 2 potions of heal wounds {unknown}


   Skills:
 + Level 3.3 Fighting
 + Level 3.3 Axes
 + Level 4.2 Armour
 + Level 4.1 Shields


You had 3 spell levels left.
You didn't know any spells.
Your spell library was empty.

Dungeon Overview and Level Annotations

Branches:
Dungeon (3/15)

Altars:
Cheibriados

Annotations:
D:3 Natasha


Innate Abilities, Weirdness & Mutations

You are resistant to damage.
You can heal yourself by infusing magical energy.
You passively map a small area around you.
You do not regenerate.


Message History

Natasha claws you!
* * * LOW HITPOINT WARNING * * *
You are too injured to fight recklessly!
You barely miss Natasha. Natasha claws you.
Natasha casts a spell.
You are too injured to fight recklessly!
You hit Natasha.
Natasha is lightly wounded.
You hit the white imp. Natasha barely misses you.
The white imp hits you but does no damage.
You are too injured to fight recklessly!
You hit Natasha.
Natasha is heavily wounded.
You closely miss the white imp.
Natasha stares at you and mumbles some strange words.
The magic dart hits you!
* * * LOW HITPOINT WARNING * * *
The white imp gestures at you. The puff of frost hits you. You resist.
You die...

##* *##.##....###############.#
.. ,....................)......
.. ....##..h..########.#####.#
## ######.....## #.# #.#
########....รท.# #.# #.#
#......#....#.## #.# #.#
#......#....#..# #.# ###.##
####......#######h######.#
#.....
...'......'....5@........#
#.#.##
####......########.####..#
#.#...
......................#..#
#.#.##
##################..#.#..#
#.#... #
#...............#.#.#..###.#.##
#
#...............#...#......#.##
#
#...............##..##.#####...
#
#...............##..##.#######.
#
#...............###............


You could see Natasha and a white imp (summoned).

Vanquished Creatures
  Ijyb (D:3)
  Natasha (D:3)
  3 adders
  A worm (D:2)
  A bat (D:3)
  13 giant cockroaches
  4 goblins
  4 hobgoblins
  A kobold (D:3)
  2 frilled lizards
  5 rats
36 creatures vanquished.

Notes
Turn   | Place    | Note
-------+----------+-------------------------------------------
     0 | D:1      | Greyr the Deep Dwarf Fighter began the quest for the Orb.
     0 | D:1      | Reached XP level 1. HP: 20/20 MP: 1/1
   173 | D:2      | Reached XP level 2. HP: 27/27 MP: 2/2
   315 | D:2      | Found a snail-covered altar of Cheibriados.
   350 | D:3      | Reached XP level 3. HP: 28/34 MP: 3/3
   466 | D:3      | Noticed Ijyb
   479 | D:3      | Killed Ijyb
   479 | D:3      | Reached XP level 4. HP: 29/42 MP: 4/4
   744 | D:3      | Noticed Natasha
   758 | D:3      | Killed Natasha
   908 | D:3      | Noticed Natasha
   920 | D:3      | Killed from afar by a white imp

Illustrated notes

Levels and vault maps discovered:
D:1:      nzn_arrival_depleted_hourglass, layout_loops_ring
D:2:      layout_basic, kennysheep_slug_shrine
D:3:      minmay_roachtagon, layout_basic, uniq_ijyb, uniq_natasha

Skill      XL: |  1  2  3 |
---------------+----------+-----
Fighting       | 3 |  3.3
Axes           | 3 |  3.3
Armour         | 4 |  4.2
Shields        | 4 |  4.1

Action                   |  1- 3 |  4- 6 || total
-------------------------+-------+-------++-------
Melee: War axe           |    88 |    26 ||   114
Armor: Scale mail        |    48 |       ||    48
       Leather armour    |       |     7 ||     7
Dodge: Dodged            |    36 |    11 ||    47
Block: Kite shield       |    65 |    16 ||    81

Table legend: (Time is in decaauts)
 A = Elapsed time spent in this place.
 B = Non-inter-level travel time spent in this place.
 C = Inter-level travel time spent in this place.
 D = Time resting spent in this place.
 E = Time spent auto-exploring this place.
 F = Levels seen in this place.
 G = Mean time per level.
                   A        B        C        D        E       F      G
               +--------+--------+--------+--------+--------+-----+--------+
         Total |    967 |    967 |      0 |      0 |    566 |   3 |  322.3 |
       Dungeon |    967 |    967 |      0 |      0 |    566 |   3 |  322.3 |
               +--------+--------+--------+--------+--------+-----+--------+

Top non-repeatable levels by time:
     D:3: 606 daAuts
     D:2: 283 daAuts
     D:1: 77 daAuts
